 Dungeon Crawl Stone Soup version 0.29-a0-668-g12ee2bf84d (webtiles) character file.

Game seed: 1320732915018157259

21 Newt the Insei (level 2, -4/18 HPs)
             Began as an Octopode Transmuter on June 23, 2022.
             Shot with a sling bullet by a goblin (6 damage)
             ... on level 2 of the Dungeon.
             The game lasted 00:02:20 (1399 turns).

Newt the Insei (Octopode Transmuter)                Turns: 1399, Time: 00:02:20

Health: -4/18      AC:  1    Str:  9    XL:     2   Next: 83%
Magic:  5/5        EV: 13    Int: 21    God:
Gold:   85         SH:  0    Dex: 12    Spells: 4/5 levels left

rFire   . . .      SeeInvis .   f - +1 falchion (vorpal)
rCold   . . .      Faith    .   (no shield)
rNeg    . . .      Spirit   .   (helmet restricted)
rPois   .          Reflect  .   (no amulet)
rElec   .          Harm     .   h - +6 ring of intelligence
rCorr   .          Rampage  .   (no ring)
Will    .....                   (no ring)
Stlth   ++........              (no ring)
HPRegen 0.06/turn               (no ring)
MPRegen 0.09/turn               (no ring)
                                (no ring)
                                (no ring)

@: no status effects
A: almost no armour, amphibious, 8 rings, camouflage 1, gelatinous body 1,
(nimble swimmer 1), tentacles
a: no special abilities


You were on level 2 of the Dungeon.
You visited 1 branch of the dungeon, and saw 2 of its levels.

You collected 85 gold pieces.

Inventory:

Hand Weapons
 c - a +0 short sword
 f - a +1 vorpal falchion (weapon)
Armour
 g - a +0 ring mail
Jewellery
 h - a +6 ring of intelligence (left tentacle)
Scrolls
 d - 4 scrolls of noise {unknown}
 e - a scroll of vulnerability {unknown}
 i - 2 scrolls of poison {unknown}
 l - a scroll of magic mapping {unknown}
 m - 2 scrolls of fear {unknown}
 n - 2 scrolls of identify {unknown}
Potions
 a - a potion of lignification
 b - a potion of flight {unknown}
 j - 2 potions of heal wounds {unknown}
 k - a potion of cancellation {unknown}


   Skills:
 + Level 1.1 Fighting
 * Level 0.8 Long Blades
 + Level 2.3 Dodging
 - Level 3.3 Unarmed Combat
 + Level 2.1 Spellcasting
 + Level 2.1 Transmutations


You had 4 spell levels left.
You knew the following spells:

 Your Spells              Type           Power      Damage    Failure   Level
a - Beastly Appendage     Tmut           22%        N/A       6%          1

Your spell library contained the following spells:

 Spells                   Type           Power      Damage    Failure   Level
 Wereblood                Tmut           11%        N/A       9%          2
 Spider Form              Tmut/Pois      6%         N/A       28%         3
 Ice Form                 Ice/Tmut       6%         N/A       67%         4


Dungeon Overview and Level Annotations

Branches:
Dungeon (2/15)

Altars:


Innate Abilities, Weirdness & Mutations

You cannot wear most types of armour.
You are amphibious.
You can wear up to eight rings at the same time.
Your skin changes colour to match your surroundings (Stealth+).
Your rubbery body absorbs attacks. (AC +1, EV +1)
((You are camouflaged when in or above water. (Stealth+)))
You have tentacles for arms and can constrict up to eight enemies at once.


Message History

A goblin and a ball python come into view.
The goblin shouts!
The endoplasm quivers.
The goblin shouts!
The endoplasm freezes you.
You are frozen.
The ball python hisses angrily.
You hit the endoplasm.
The endoplasm is heavily wounded.
The endoplasm misses you.
The goblin unwields a +0 dagger.
The goblin wields a +0 hunting sling.
The goblin shoots a sling bullet.
The sling bullet closely misses you. The endoplasm hits you.
You hit the endoplasm.
You kill the endoplasm!
The goblin shoots a sling bullet.
The sling bullet barely misses you.
The ball python bites you but does no damage.
The ball python grabs you. The ball python constricts you.
The ball python misses you. The ball python constricts you.
The goblin shoots a sling bullet.
The sling bullet hits you.
You hit the ball python.
You kill the ball python!
The goblin barely misses you.
The goblin shoots a sling bullet.
The sling bullet closely misses you.
You hit the goblin. Your grab misses the goblin.
The goblin is heavily wounded.
The goblin hits you with a +0 dagger.
The goblin shoots a sling bullet.
The sling bullet barely misses you.
You slash the goblin!
You kill the goblin!
The goblin shoots a sling bullet.
The sling bullet hits you.
* * * LOW HITPOINT WARNING * * *
The goblin shoots a sling bullet.
The sling bullet hits you.
* * * LOW HITPOINT WARNING * * *
You are too injured to fight recklessly!
Okay, then.
Okay, then.
The goblin shoots a sling bullet.
The sling bullet closely misses you.
The goblin shoots a sling bullet.
The sling bullet closely misses you.
The goblin shoots a sling bullet.
The sling bullet hits you.
You die...

............#
#####.#.###.#
#.#.# #.#
#.#.###.#
....##..# #
####.## ###.###
#.# ....... #.#
.......####@###
.....g........#
.......)###.#.#
........# #.#.#
........# ..# #
........# .##
#######.##.
#.... ####.


You could see a goblin.

Vanquished Creatures
  2 bats
  An endoplasm (D:2)
  4 goblins
  2 hobgoblins (D:1)
  3 ball pythons
  A frilled lizard (D:2)
  5 kobolds
  3 rats (D:1)
21 creatures vanquished.

Notes
Turn   | Place    | Note
-------+----------+-------------------------------------------
     0 | D:1      | Newt the Octopode Transmuter began the quest for the Orb.
     0 | D:1      | Reached XP level 1. HP: 13/13 MP: 3/3
   697 | D:1      | Reached XP level 2. HP: 17/18 MP: 5/5
  1399 | D:2      | Shot with a sling bullet by a goblin

Illustrated notes

Levels and vault maps discovered:
D:1:      dpeg_chamrin_arrival_tetris, layout_loops_corners
D:2:      layout_loops_cross

Action                   || total
-------------------------++-------
Melee: Unarmed           ||     9
       Falchion          ||    25
       Constrict         ||     9
       Tentacles         ||     4
       Punch             ||     2
 Stab: Sleeping          ||     4
Armor: Skin              ||     6
Dodge: Dodged            ||    23

Table legend: (Time is in decaauts)
 A = Elapsed time spent in this place.
 B = Non-inter-level travel time spent in this place.
 C = Inter-level travel time spent in this place.
 D = Time resting spent in this place.
 E = Time spent auto-exploring this place.
 F = Levels seen in this place.
 G = Mean time per level.
                   A        B        C        D        E       F      G
               +--------+--------+--------+--------+--------+-----+--------+
         Total |   1403 |   1382 |     21 |      0 |   1197 |   2 |  701.5 |
       Dungeon |   1403 |   1382 |     21 |      0 |   1197 |   2 |  701.5 |
               +--------+--------+--------+--------+--------+-----+--------+

Top non-repeatable levels by time:
     D:1: 1250 daAuts
     D:2: 153 daAuts
